[ AOE2 MATCH · #470269804 ]
UnrankedJapanese vs Poles
[ REPLAY ANALYSIS · EXTRACTED FROM THE RECORDED GAME ]
Feudal
8:36
Castle
23:54
Imperial
—
| APM avg | 47.2 |
| APM peak | 82 |
| eAPM avg | 24.3 |
| Villagers / military | 69 / 166 |
Focus
⚔️ 44.1% · 🌾 55.9%
Militia ×121 · Spearman ×45
Feudal
12:49
Castle
26:42
Imperial
—
| APM avg | 49.3 |
| APM peak | 125 |
| eAPM avg | 21.6 |
| Villagers / military | 55 / 68 |
Focus
⚔️ 53.0% · 🌾 47.0%
Archer ×49 · Skirmisher ×11 · Spearman ×7 · Battering Ram ×1
Feudal
9:29
Castle
25:58
Imperial
—
| APM avg | 70.8 |
| APM peak | 115 |
| eAPM avg | 27.4 |
| Villagers / military | 71 / 77 |
Focus
⚔️ 54.5% · 🌾 45.5%
Skirmisher ×57 · Scout Cavalry ×14 · Obuch ×3 · Mangonel ×3
Feudal
9:16
Castle
22:23
Imperial
—
| APM avg | 48.6 |
| APM peak | 75 |
| eAPM avg | 24.5 |
| Villagers / military | 106 / 107 |
Focus
⚔️ 43.1% · 🌾 56.9%
Knight ×94 · Scout Cavalry ×13
Feudal
18:35
Castle
22:21
Imperial
36:12
| APM avg | 46.3 |
| APM peak | 90 |
| eAPM avg | 23.4 |
| Villagers / military | 66 / 72 |
Focus
⚔️ 34.2% · 🌾 65.8%
Archer ×71 · Monk ×1
Feudal
8:51
Castle
22:09
Imperial
—
| APM avg | 114.1 |
| APM peak | 200 |
| eAPM avg | 72.2 |
| Villagers / military | 138 / 131 |
Focus
⚔️ 60.5% · 🌾 39.5%
Archer ×126 · Mangonel ×5
Feudal
9:36
Castle
24:30
Imperial
—
| APM avg | 64.4 |
| APM peak | 98 |
| eAPM avg | 21.5 |
| Villagers / military | 65 / 54 |
Focus
⚔️ 48.5% · 🌾 51.5%
Scout Cavalry ×28 · Knight ×21 · Mangonel ×5
Feudal
26:05
Castle
—
Imperial
—
| APM avg | 56.4 |
| APM peak | 114 |
| eAPM avg | 28.3 |
| Villagers / military | 81 / 0 |
Focus
⚔️ 27.8% · 🌾 72.2%
Match map
Initial resources + every placement click. Lines = walls · curves = elevation contours. ◆ gold · ⬟ stone · ● berries · ✦ relic · ◌ wall gap
Your base· Open — 6t gap
MysticCloudZ's base· ✓ Closed at 26:42 · 105t walls · 3 gate(s)
Ux'Pocoloco's base· ✓ Closed at 25:58 · 15t walls · 1 gate(s)
Ux'Misionero Ateo's base· ✓ Closed at 22:23 · 5t walls · no gate
WraTH_27's base· Open — unwalled flank
Ux'BlueUltra's base· Open — 2t gap
atom's base· Open — 2t gap
Ux'el noruego's base· Open — unwalled flank
Smoothed initial terrain · ◌ = detected wall gap · hover for details
Inputs per minute
— Vatatzes - - MysticCloudZ
Build order — Vatatzes
First 150 of 288 actions detected
| 0:01 | Create | Villager (Male) ×4 |
| 0:03 | Build | House |
| 0:04 | Build | House |
| 1:21 | Create | Villager (Male) |
| 1:21 | Create | Villager (Male) |
| 1:51 | Create | Villager (Male) |
| 2:10 | Create | Villager (Male) |
| 2:29 | Create | Villager (Male) |
| 3:01 | Build | House |
| 3:02 | Build | Lumber Camp |
| 3:16 | Create | Villager (Male) |
| 3:16 | Create | Villager (Male) |
| 3:17 | Create | Villager (Male) |
| 4:07 | Create | Villager (Male) |
| 4:07 | Create | Villager (Male) |
| 4:35 | Create | Villager (Male) |
| 4:47 | Create | Villager (Male) |
| 4:48 | Research | Loom |
| 5:06 | Build | Mill |
| 6:02 | Research | Feudal Age |
| 6:40 | Build | House |
| 6:47 | Create | Villager (Male) |
| 6:47 | Create | Villager (Male) |
| 7:17 | Build | Barracks |
| 7:50 | Build | Mining Camp |
| 8:36 | Age | Feudal Age |
| 8:55 | Create | Villager (Male) |
| 8:58 | Research | Man-at-Arms (upgrade) |
| 8:58 | Create | Militia |
| 9:00 | Build | Barracks |
| 9:28 | Create | Villager (Male) |
| 9:54 | Build | House |
| 9:56 | Create | Militia |
| 10:02 | Create | Villager (Male) |
| 10:10 | Create | Militia |
| 10:25 | Create | Militia |
| 10:35 | Build | Palisade Wall |
| 10:38 | Build | Palisade Wall |
| 10:42 | Build | Palisade Wall |
| 10:43 | Create | Villager (Male) |
| 10:55 | Create | Villager (Male) |
| 11:13 | Create | Militia |
| 11:21 | Build | House |
| 11:22 | Build | House |
| 11:30 | Create | Militia |
| 11:31 | Create | Villager (Male) |
| 11:35 | Build | Farm |
| 11:36 | Build | Farm |
| 11:37 | Build | Farm |
| 11:40 | Build | Farm |
| 11:43 | Build | Farm |
| 11:46 | Build | Farm |
| 12:08 | Build | Farm |
| 12:13 | Create | Militia |
| 12:28 | Create | Villager (Male) |
| 12:43 | Create | Villager (Male) |
| 12:54 | Create | Militia |
| 13:00 | Create | Spearman |
| 13:15 | Build | Farm |
| 13:16 | Build | Farm |
| 13:17 | Create | Villager (Male) |
| 13:27 | Create | Militia |
| 13:56 | Create | Militia |
| 13:56 | Create | Militia |
| 13:59 | Create | Villager (Male) |
| 14:14 | Build | Farm |
| 14:23 | Create | Villager (Male) |
| 14:24 | Create | Spearman |
| 14:33 | Create | Militia |
| 14:39 | Build | House |
| 14:40 | Build | House |
| 14:42 | Create | Militia |
| 14:46 | Create | Villager (Male) |
| 14:52 | Build | House |
| 15:11 | Create | Villager (Male) |
| 15:13 | Research | Wheelbarrow |
| 15:16 | Research | Double-Bit Axe |
| 15:17 | Research | Double-Bit Axe |
| 15:19 | Create | Militia |
| 15:31 | Build | Blacksmith |
| 15:37 | Create | Villager (Male) |
| 15:58 | Create | Militia |
| 15:58 | Create | Militia |
| 16:11 | Create | Villager (Male) |
| 16:16 | Build | Farm |
| 16:17 | Build | Farm |
| 16:18 | Build | Farm |
| 16:28 | Create | Villager (Male) |
| 16:34 | Build | Farm |
| 16:52 | Research | Scale Mail Armor |
| 16:52 | Research | Scale Mail Armor |
| 17:09 | Create | Militia |
| 17:09 | Create | Militia |
| 17:15 | Create | Villager (Male) |
| 17:19 | Build | Farm |
| 17:20 | Build | Farm |
| 17:21 | Build | Farm |
| 17:40 | Create | Militia |
| 17:41 | Create | Militia |
| 17:52 | Create | Villager (Male) |
| 18:16 | Build | House |
| 18:16 | Build | House |
| 18:25 | Create | Militia |
| 18:25 | Create | Militia |
| 18:27 | Create | Villager (Male) |
| 18:27 | Create | Villager (Male) |
| 18:43 | Create | Militia |
| 18:43 | Create | Militia |
| 19:01 | Create | Villager (Male) |
| 19:07 | Build | Market |
| 19:09 | Build | Farm |
| 19:18 | Create | Militia |
| 19:18 | Create | Militia |
| 19:33 | Create | Villager (Male) |
| 20:04 | Research | Forging |
| 20:11 | Create | Villager (Male) |
| 20:14 | Build | Farm |
| 20:18 | Build | Farm |
| 20:22 | Create | Villager (Male) |
| 21:14 | Research | Castle Age |
| 21:14 | Research | Castle Age |
| 21:19 | Create | Villager (Male) |
| 21:30 | Create | Militia |
| 21:38 | Create | Militia |
| 21:53 | Create | Militia |
| 21:53 | Create | Militia |
| 21:59 | Research | Horse Collar |
| 22:06 | Create | Militia |
| 22:21 | Create | Villager (Male) |
| 22:21 | Create | Villager (Male) |
| 22:32 | Create | Militia |
| 22:32 | Create | Militia |
| 22:38 | Build | House |
| 22:40 | Build | House |
| 22:43 | Build | Lumber Camp |
| 22:45 | Create | Militia |
| 22:59 | Create | Militia |
| 23:10 | Create | Militia |
| 23:11 | Create | Militia |
| 23:15 | Research | Arson |
| 23:15 | Research | Arson |
| 23:26 | Create | Militia |
| 23:27 | Create | Villager (Male) |
| 23:54 | Age | Castle Age |
| 23:56 | Research | Long Swordsman (upgrade) |
| 24:08 | Research | Chain Mail Armor |
| 24:16 | Create | Villager (Male) |
| 24:34 | Create | Militia |
| 24:34 | Create | Militia |
| 24:49 | Create | Militia |
Build order — MysticCloudZ
First 150 of 248 actions detected
| 0:01 | Research | Loom |
| 0:46 | Create | Villager (Male) |
| 1:49 | Create | Villager (Male) |
| 1:54 | Create | Villager (Male) |
| 2:26 | Create | Villager (Male) |
| 2:58 | Create | Villager (Male) |
| 3:28 | Create | Villager (Male) |
| 3:51 | Build | House |
| 3:54 | Create | Villager (Male) |
| 4:11 | Create | Villager (Male) |
| 4:15 | Build | Mill |
| 4:35 | Create | Villager (Male) |
| 5:01 | Create | Villager (Male) |
| 5:23 | Create | Villager (Male) |
| 5:56 | Build | House |
| 5:59 | Create | Villager (Male) |
| 6:11 | Build | Palisade Wall |
| 6:13 | Build | Palisade Wall |
| 6:24 | Create | Villager (Male) |
| 6:27 | Build | Lumber Camp |
| 6:44 | Create | Villager (Male) |
| 6:44 | Create | Villager (Male) |
| 7:08 | Build | House |
| 7:34 | Create | Villager (Male) |
| 7:44 | Build | Farm |
| 7:49 | Build | Outpost |
| 8:00 | Create | Villager (Male) |
| 8:06 | Build | Farm |
| 8:11 | Build | Outpost |
| 8:30 | Build | Outpost |
| 8:31 | Create | Villager (Male) |
| 8:51 | Build | House |
| 8:54 | Create | Villager (Male) |
| 9:04 | Build | Farm |
| 9:16 | Create | Villager (Male) |
| 9:22 | Build | Palisade Wall |
| 9:31 | Build | Palisade Wall |
| 9:39 | Build | Farm |
| 9:44 | Create | Villager (Male) |
| 9:50 | Build | Palisade Wall |
| 9:55 | Build | Palisade Wall |
| 10:06 | Build | Palisade Wall |
| 10:14 | Build | Palisade Wall |
| 10:16 | Build | Palisade Wall |
| 10:21 | Build | Farm |
| 10:39 | Research | Feudal Age |
| 11:01 | Build | Palisade Wall |
| 11:13 | Build | Mining Camp |
| 11:19 | Build | Palisade Wall |
| 11:25 | Build | Palisade Wall |
| 11:29 | Build | Palisade Wall |
| 11:33 | Build | Palisade Wall |
| 11:47 | Build | Palisade Wall |
| 11:56 | Build | Barracks |
| 12:04 | Build | Palisade Wall |
| 12:07 | Build | Palisade Wall |
| 12:12 | Build | Palisade Wall |
| 12:30 | Build | Palisade Wall |
| 12:38 | Build | Palisade Wall |
| 12:41 | Build | Palisade Wall |
| 12:43 | Build | Palisade Wall |
| 12:49 | Age | Feudal Age |
| 12:51 | Build | Palisade Wall |
| 12:55 | Create | Villager (Male) |
| 13:06 | Build | Watch Tower |
| 13:15 | Build | House |
| 13:21 | Research | Double-Bit Axe |
| 13:24 | Create | Villager (Male) |
| 13:38 | Build | House |
| 13:46 | Build | Archery Range |
| 13:52 | Build | Gate |
| 13:55 | Build | House |
| 13:58 | Create | Villager (Male) |
| 14:17 | Research | Horse Collar |
| 14:21 | Create | Archer |
| 14:21 | Create | Archer |
| 14:29 | Create | Villager (Male) |
| 14:36 | Build | Outpost |
| 14:40 | Build | Farm |
| 14:50 | Create | Villager (Male) |
| 15:13 | Build | Blacksmith |
| 15:19 | Build | House |
| 15:24 | Build | Farm |
| 15:25 | Create | Villager (Male) |
| 15:28 | Create | Archer |
| 15:50 | Build | Lumber Camp |
| 16:00 | Research | Fletching |
| 16:05 | Create | Archer |
| 16:05 | Create | Archer |
| 16:17 | Create | Villager (Male) |
| 16:36 | Build | Archery Range |
| 16:41 | Create | Archer |
| 16:41 | Create | Archer |
| 16:44 | Create | Villager (Male) |
| 16:46 | Create | Archer |
| 16:47 | Create | Archer |
| 16:49 | Create | Archer |
| 17:13 | Create | Villager (Male) |
| 17:16 | Build | Archery Range |
| 17:25 | Build | House |
| 17:26 | Build | House |
| 17:32 | Create | Archer |
| 17:40 | Create | Villager (Male) |
| 17:57 | Create | Archer |
| 18:03 | Build | Farm |
| 18:04 | Build | Farm |
| 18:07 | Build | Farm |
| 18:08 | Create | Villager (Male) |
| 18:11 | Create | Archer |
| 18:21 | Build | House |
| 18:30 | Create | Villager (Male) |
| 18:40 | Create | Archer |
| 18:40 | Create | Archer |
| 18:41 | Create | Archer |
| 18:41 | Create | Archer |
| 18:41 | Create | Archer |
| 18:55 | Research | Padded Archer Armor |
| 18:56 | Create | Archer |
| 18:56 | Create | Archer |
| 18:57 | Create | Archer |
| 18:57 | Create | Archer |
| 18:57 | Create | Archer |
| 18:58 | Create | Archer |
| 19:23 | Build | Farm |
| 19:24 | Build | Farm |
| 19:25 | Create | Villager (Male) |
| 19:28 | Build | Farm |
| 19:40 | Build | Gate |
| 19:41 | Build | House |
| 19:42 | Build | House |
| 19:44 | Build | House |
| 19:52 | Build | Mining Camp |
| 19:59 | Build | Mining Camp |
| 20:07 | Research | Town Watch |
| 20:15 | Create | Archer |
| 20:15 | Create | Archer |
| 20:16 | Create | Archer |
| 20:22 | Research | Wheelbarrow |
| 20:31 | Build | House |
| 21:04 | Create | Archer |
| 21:04 | Create | Archer |
| 21:46 | Create | Villager (Male) |
| 22:04 | Create | Villager (Male) |
| 22:19 | Research | Stone Mining |
| 22:39 | Build | Market |
| 22:43 | Build | Gate |
| 22:47 | Create | Villager (Male) |
| 23:16 | Create | Skirmisher |
| 23:16 | Create | Skirmisher |
| 23:16 | Create | Skirmisher |
Build order — Ux'Pocoloco
First 150 of 262 actions detected
| 0:01 | Create | Villager (Male) |
| 0:01 | Create | Villager (Male) |
| 0:01 | Create | Villager (Male) |
| 0:02 | Build | House |
| 0:03 | Build | House |
| 1:04 | Create | Villager (Male) |
| 1:25 | Create | Villager (Male) |
| 1:49 | Create | Villager (Male) |
| 1:50 | Build | Lumber Camp |
| 2:13 | Create | Villager (Male) |
| 2:48 | Create | Villager (Male) |
| 3:04 | Create | Villager (Male) |
| 3:09 | Build | House |
| 3:21 | Create | Villager (Male) |
| 3:41 | Create | Villager (Male) |
| 4:28 | Create | Villager (Male) |
| 4:34 | Build | Mill |
| 4:59 | Create | Villager (Male) |
| 4:59 | Create | Villager (Male) |
| 5:08 | Create | Villager (Male) |
| 5:49 | Create | Villager (Male) |
| 6:10 | Create | Villager (Male) |
| 6:48 | Create | Villager (Male) |
| 7:19 | Research | Feudal Age |
| 8:09 | Build | Barracks |
| 8:48 | Research | Loom |
| 9:29 | Age | Feudal Age |
| 9:32 | Build | Stable |
| 9:45 | Research | Double-Bit Axe |
| 10:07 | Build | Blacksmith |
| 10:13 | Create | Scout Cavalry |
| 10:14 | Research | Horse Collar |
| 10:16 | Create | Villager (Male) |
| 10:23 | Build | House |
| 10:27 | Build | House |
| 10:34 | Create | Villager (Male) |
| 10:37 | Create | Scout Cavalry |
| 10:44 | Create | Villager (Male) |
| 10:48 | Research | Forging |
| 11:10 | Create | Villager (Male) |
| 11:12 | Build | Farm |
| 11:16 | Build | Farm |
| 11:19 | Build | Farm |
| 11:35 | Create | Scout Cavalry |
| 11:38 | Create | Villager (Male) |
| 11:53 | Build | Farm |
| 11:54 | Build | Farm |
| 12:04 | Create | Villager (Male) |
| 12:10 | Build | House |
| 12:27 | Create | Scout Cavalry |
| 12:28 | Create | Villager (Male) |
| 12:39 | Create | Villager (Male) |
| 12:46 | Build | Stable |
| 12:48 | Build | House |
| 12:49 | Build | Palisade Wall |
| 12:49 | Build | Palisade Wall |
| 12:52 | Create | Scout Cavalry |
| 13:01 | Build | Mill |
| 13:16 | Build | House |
| 13:18 | Build | House |
| 13:20 | Create | Scout Cavalry |
| 13:30 | Create | Villager (Male) |
| 13:44 | Build | Farm |
| 13:44 | Build | Farm |
| 13:45 | Build | Farm |
| 13:45 | Build | Farm |
| 13:52 | Create | Scout Cavalry |
| 14:05 | Build | Farm |
| 14:06 | Create | Villager (Male) |
| 14:38 | Create | Villager (Male) |
| 14:47 | Build | Archery Range |
| 14:53 | Create | Villager (Male) |
| 14:55 | Create | Scout Cavalry |
| 15:15 | Create | Scout Cavalry |
| 15:19 | Build | Farm |
| 15:23 | Build | Farm |
| 15:37 | Build | House |
| 15:41 | Create | Skirmisher |
| 15:45 | Build | House |
| 16:01 | Create | Villager (Male) |
| 16:01 | Create | Skirmisher |
| 16:04 | Build | Stone Wall |
| 16:10 | Create | Skirmisher |
| 16:15 | Research | Fletching |
| 16:27 | Create | Villager (Male) |
| 16:34 | Build | House |
| 16:50 | Create | Villager (Male) |
| 17:07 | Create | Villager (Male) |
| 17:10 | Build | Farm |
| 17:12 | Build | Mining Camp |
| 17:13 | Create | Villager (Male) |
| 17:15 | Build | Farm |
| 17:24 | Build | Mill |
| 17:25 | Build | Farm |
| 17:25 | Build | Farm |
| 17:25 | Build | Farm |
| 17:32 | Create | Scout Cavalry |
| 17:32 | Create | Scout Cavalry |
| 17:34 | Create | Skirmisher |
| 17:43 | Build | Farm |
| 18:09 | Create | Villager (Male) |
| 18:10 | Create | Villager (Male) |
| 18:12 | Create | Scout Cavalry |
| 18:37 | Create | Villager (Male) |
| 18:55 | Create | Villager (Male) |
| 19:28 | Create | Villager (Male) |
| 19:33 | Build | Market |
| 19:41 | Build | Lumber Camp |
| 19:43 | Build | Lumber Camp |
| 19:51 | Build | Mill |
| 19:52 | Build | Farm |
| 19:52 | Build | Farm |
| 19:53 | Build | Farm |
| 19:53 | Build | Farm |
| 19:57 | Create | Villager (Male) |
| 20:02 | Create | Scout Cavalry |
| 20:08 | Build | Farm |
| 20:08 | Build | Farm |
| 20:09 | Build | Farm |
| 20:15 | Build | Gate |
| 20:16 | Build | Stone Wall |
| 20:17 | Build | Stone Wall |
| 20:18 | Build | Stone Wall |
| 20:21 | Create | Villager (Male) |
| 20:54 | Build | House |
| 20:55 | Build | House |
| 20:55 | Build | House |
| 20:56 | Build | House |
| 20:56 | Build | House |
| 20:56 | Build | House |
| 21:07 | Create | Villager (Male) |
| 21:10 | Build | Farm |
| 21:13 | Build | Farm |
| 21:13 | Build | Farm |
| 21:14 | Build | Farm |
| 21:15 | Build | Farm |
| 21:16 | Build | Farm |
| 21:30 | Build | Mining Camp |
| 21:38 | Create | Villager (Male) |
| 21:41 | Create | Scout Cavalry |
| 22:03 | Research | Wheelbarrow |
| 22:53 | Research | Castle Age |
| 23:11 | Research | Gold Mining |
| 23:53 | Build | Archery Range |
| 23:55 | Build | Archery Range |
| 23:59 | Build | Blacksmith |
| 24:01 | Build | Archery Range |
| 24:29 | Research | Fletching |
| 24:36 | Research | Bloodlines |
| 24:41 | Create | Skirmisher |
Build order — Ux'Misionero Ateo
First 150 of 316 actions detected
| 0:00 | Create | Villager (Male) |
| 0:01 | Create | Villager (Male) |
| 0:01 | Create | Villager (Male) |
| 0:01 | Create | Villager (Male) |
| 0:02 | Create | Villager (Male) |
| 0:03 | Build | House |
| 0:04 | Build | House |
| 1:28 | Create | Villager (Male) |
| 1:28 | Create | Villager (Male) |
| 1:47 | Build | Lumber Camp |
| 2:00 | Create | Villager (Male) |
| 2:19 | Create | Villager (Male) |
| 2:19 | Create | Villager (Male) |
| 2:59 | Create | Villager (Male) |
| 3:16 | Build | House |
| 3:31 | Create | Villager (Male) |
| 3:40 | Create | Villager (Male) |
| 3:41 | Create | Villager (Male) |
| 3:58 | Build | Mill |
| 4:07 | Create | Villager (Male) |
| 4:39 | Create | Villager (Male) |
| 4:54 | Create | Villager (Male) |
| 4:55 | Research | Loom |
| 4:59 | Build | House |
| 5:21 | Create | Villager (Male) |
| 5:25 | Build | Farm |
| 5:36 | Research | Loom |
| 5:44 | Create | Villager (Male) |
| 5:46 | Build | Farm |
| 6:19 | Create | Villager (Male) |
| 6:48 | Create | Villager (Male) |
| 7:13 | Research | Feudal Age |
| 7:47 | Build | Barracks |
| 8:09 | Create | Villager (Male) |
| 8:41 | Build | Lumber Camp |
| 8:52 | Create | Villager (Male) |
| 9:16 | Age | Feudal Age |
| 9:21 | Build | Stable |
| 9:35 | Research | Double-Bit Axe |
| 9:47 | Build | Farm |
| 10:01 | Build | House |
| 10:06 | Create | Scout Cavalry |
| 10:06 | Create | Scout Cavalry |
| 10:07 | Create | Villager (Male) |
| 10:13 | Build | Farm |
| 10:16 | Build | Farm |
| 10:19 | Create | Villager (Male) |
| 10:26 | Build | House |
| 10:40 | Research | Horse Collar |
| 10:43 | Create | Scout Cavalry |
| 11:00 | Create | Villager (Male) |
| 11:21 | Build | Farm |
| 11:22 | Create | Villager (Male) |
| 11:23 | Create | Scout Cavalry |
| 11:30 | Build | Farm |
| 11:38 | Create | Scout Cavalry |
| 11:47 | Create | Villager (Male) |
| 11:50 | Build | House |
| 11:54 | Build | Farm |
| 11:56 | Build | Farm |
| 12:15 | Create | Villager (Male) |
| 12:25 | Create | Villager (Male) |
| 12:28 | Build | Farm |
| 12:31 | Build | Farm |
| 12:44 | Build | Farm |
| 12:46 | Build | Farm |
| 12:53 | Create | Villager (Male) |
| 12:54 | Create | Scout Cavalry |
| 13:04 | Build | House |
| 13:05 | Build | Palisade Wall |
| 13:06 | Create | Villager (Male) |
| 13:15 | Build | Farm |
| 13:24 | Build | Farm |
| 13:26 | Build | Farm |
| 13:27 | Create | Villager (Male) |
| 13:32 | Create | Villager (Male) |
| 13:36 | Build | House |
| 13:37 | Build | House |
| 13:45 | Create | Scout Cavalry |
| 13:49 | Create | Villager (Male) |
| 13:58 | Build | Mining Camp |
| 14:01 | Create | Scout Cavalry |
| 14:23 | Create | Scout Cavalry |
| 14:24 | Create | Villager (Male) |
| 14:46 | Create | Villager (Male) |
| 14:57 | Build | Blacksmith |
| 14:57 | Create | Villager (Male) |
| 15:02 | Create | Scout Cavalry |
| 15:08 | Build | Farm |
| 15:48 | Create | Villager (Male) |
| 15:51 | Build | House |
| 15:52 | Research | Scale Barding Armor |
| 15:53 | Create | Scout Cavalry |
| 16:12 | Create | Villager (Male) |
| 16:22 | Build | House |
| 16:32 | Build | Market |
| 16:33 | Research | Wheelbarrow |
| 16:46 | Create | Villager (Male) |
| 17:00 | Create | Villager (Male) |
| 17:03 | Build | House |
| 17:05 | Build | House |
| 17:07 | Build | House |
| 17:10 | Build | Palisade Wall |
| 17:26 | Build | House |
| 17:28 | Build | Palisade Wall |
| 17:31 | Build | Farm |
| 17:35 | Build | Farm |
| 17:38 | Build | Farm |
| 18:06 | Build | Stable |
| 18:22 | Create | Scout Cavalry |
| 18:33 | Research | Forging |
| 18:45 | Create | Scout Cavalry |
| 18:45 | Create | Villager (Male) |
| 19:10 | Create | Villager (Male) |
| 19:24 | Create | Villager (Male) |
| 19:30 | Build | Farm |
| 19:57 | Research | Castle Age |
| 20:10 | Build | Farm |
| 20:18 | Build | Farm |
| 20:22 | Build | Farm |
| 20:26 | Build | Farm |
| 20:30 | Research | Bloodlines |
| 20:34 | Build | Farm |
| 20:39 | Build | Farm |
| 20:42 | Research | Gold Mining |
| 21:55 | Build | Stable |
| 21:58 | Create | Villager (Male) |
| 22:15 | Create | Villager (Male) |
| 22:23 | Age | Castle Age |
| 22:28 | Create | Knight |
| 22:28 | Create | Knight |
| 22:28 | Create | Knight |
| 22:30 | Research | Chain Barding Armor |
| 22:31 | Create | Knight |
| 22:32 | Create | Villager (Male) |
| 22:40 | Create | Knight |
| 22:40 | Create | Knight |
| 22:41 | Create | Villager (Male) |
| 22:52 | Build | Town Center |
| 22:57 | Create | Knight |
| 23:17 | Create | Knight |
| 23:17 | Create | Villager (Male) |
| 23:19 | Create | Knight |
| 23:19 | Create | Villager (Male) |
| 23:28 | Research | Husbandry |
| 23:30 | Create | Knight |
| 23:31 | Create | Villager (Male) |
| 23:38 | Create | Knight |
| 23:51 | Create | Knight |
| 23:54 | Create | Villager (Male) |
Build order — WraTH_27
First 150 of 236 actions detected
| 0:01 | Create | Villager (Male) |
| 0:01 | Create | Villager (Male) |
| 0:02 | Build | House |
| 0:04 | Research | Loom |
| 0:05 | Research | Loom |
| 0:06 | Build | House |
| 0:10 | Create | Villager (Male) |
| 0:10 | Create | Villager (Male) |
| 0:19 | Create | Villager (Male) |
| 0:19 | Create | Villager (Male) |
| 1:15 | Create | Villager (Male) |
| 1:15 | Create | Villager (Male) |
| 1:52 | Build | Lumber Camp |
| 2:12 | Create | Villager (Male) |
| 2:16 | Create | Villager (Male) |
| 2:18 | Build | Mill |
| 2:32 | Build | Mill |
| 2:42 | Create | Villager (Male) |
| 3:10 | Create | Villager (Male) |
| 3:24 | Build | House |
| 3:39 | Create | Villager (Male) |
| 3:43 | Create | Villager (Male) |
| 4:17 | Create | Villager (Male) |
| 4:51 | Create | Villager (Male) |
| 5:10 | Create | Villager (Male) |
| 5:17 | Build | House |
| 5:35 | Create | Villager (Male) |
| 6:19 | Create | Villager (Male) |
| 6:42 | Build | Lumber Camp |
| 6:44 | Create | Villager (Male) |
| 6:44 | Create | Villager (Male) |
| 7:10 | Create | Villager (Male) |
| 7:25 | Create | Villager (Male) |
| 8:18 | Build | Mill |
| 8:20 | Create | Villager (Male) |
| 8:52 | Build | House |
| 9:32 | Create | Villager (Male) |
| 9:32 | Create | Villager (Male) |
| 9:32 | Create | Villager (Male) |
| 9:59 | Create | Villager (Male) |
| 10:24 | Create | Villager (Male) |
| 10:48 | Create | Villager (Male) |
| 11:57 | Create | Villager (Male) |
| 12:11 | Create | Villager (Male) |
| 12:37 | Build | House |
| 13:05 | Build | Palisade Wall |
| 13:08 | Build | Palisade Wall |
| 13:09 | Build | Palisade Wall |
| 13:23 | Build | Palisade Wall |
| 13:25 | Create | Villager (Male) |
| 13:35 | Build | Farm |
| 13:36 | Build | Farm |
| 13:48 | Build | Palisade Wall |
| 13:49 | Build | Palisade Wall |
| 13:54 | Create | Villager (Male) |
| 13:56 | Build | Farm |
| 13:58 | Build | Farm |
| 13:59 | Create | Villager (Male) |
| 14:21 | Build | Farm |
| 14:35 | Build | Farm |
| 14:40 | Build | House |
| 14:44 | Create | Villager (Male) |
| 14:49 | Build | Farm |
| 15:04 | Build | Farm |
| 15:04 | Create | Villager (Male) |
| 15:13 | Build | House |
| 15:20 | Build | Farm |
| 15:21 | Create | Villager (Male) |
| 15:36 | Build | Farm |
| 15:50 | Build | Farm |
| 15:57 | Create | Villager (Male) |
| 16:09 | Build | Farm |
| 16:16 | Create | Villager (Male) |
| 16:25 | Research | Feudal Age |
| 16:25 | Research | Feudal Age |
| 16:27 | Build | Palisade Wall |
| 16:29 | Build | Mining Camp |
| 16:33 | Build | Farm |
| 17:25 | Build | Barracks |
| 17:28 | Create | Villager (Male) |
| 18:35 | Age | Feudal Age |
| 18:38 | Create | Villager (Male) |
| 18:42 | Build | Archery Range |
| 18:46 | Build | Blacksmith |
| 19:34 | Build | Archery Range |
| 19:41 | Research | Castle Age |
| 19:41 | Research | Castle Age |
| 19:42 | Research | Double-Bit Axe |
| 19:42 | Research | Double-Bit Axe |
| 20:15 | Build | Archery Range |
| 20:24 | Research | Horse Collar |
| 20:34 | Create | Archer |
| 20:35 | Create | Archer |
| 20:45 | Research | Fletching |
| 20:45 | Research | Fletching |
| 21:04 | Build | House |
| 21:07 | Create | Archer |
| 21:11 | Create | Villager (Male) |
| 21:31 | Create | Archer |
| 21:38 | Create | Archer |
| 21:40 | Create | Villager (Male) |
| 21:49 | Create | Archer |
| 21:53 | Build | Market |
| 22:21 | Age | Castle Age |
| 22:22 | Research | Crossbowman (upgrade) |
| 22:32 | Build | University |
| 22:37 | Create | Archer |
| 22:41 | Create | Villager (Male) |
| 22:58 | Research | Bodkin Arrow |
| 23:13 | Create | Archer |
| 23:13 | Create | Archer |
| 23:15 | Build | House |
| 23:40 | Create | Archer |
| 23:47 | Research | Ballistics |
| 23:47 | Research | Ballistics |
| 23:51 | Create | Archer |
| 23:51 | Create | Archer |
| 23:58 | Create | Archer |
| 24:05 | Create | Villager (Male) |
| 24:06 | Research | Wheelbarrow |
| 24:23 | Create | Archer |
| 24:23 | Create | Archer |
| 24:42 | Create | Villager (Male) |
| 24:44 | Create | Archer |
| 24:46 | Build | House |
| 24:49 | Build | Mining Camp |
| 24:50 | Create | Villager (Male) |
| 25:16 | Create | Archer |
| 25:17 | Create | Archer |
| 25:33 | Create | Archer |
| 25:33 | Create | Archer |
| 25:36 | Build | House |
| 25:36 | Create | Villager (Male) |
| 25:40 | Build | Lumber Camp |
| 25:41 | Research | Bow Saw |
| 26:11 | Create | Villager (Male) |
| 26:13 | Create | Archer |
| 26:13 | Create | Archer |
| 26:16 | Build | Farm |
| 26:17 | Build | Farm |
| 26:18 | Build | Farm |
| 26:38 | Create | Villager (Male) |
| 26:42 | Create | Archer |
| 26:42 | Create | Archer |
| 26:45 | Build | Archery Range |
| 26:45 | Create | Villager (Male) |
| 26:49 | Create | Archer |
| 26:49 | Create | Archer |
| 26:49 | Create | Archer |
| 27:07 | Create | Archer |
Build order — Ux'BlueUltra
First 150 of 413 actions detected
| 0:01 | Create | Villager (Male) |
| 0:01 | Create | Villager (Male) |
| 0:01 | Create | Villager (Male) |
| 0:01 | Create | Villager (Male) |
| 0:02 | Build | House |
| 0:04 | Build | House |
| 0:17 | Create | Villager (Male) |
| 0:18 | Create | Villager (Male) |
| 1:06 | Research | Loom |
| 1:08 | Create | Villager (Male) |
| 1:18 | Create | Villager (Male) |
| 1:58 | Build | Palisade Wall |
| 1:59 | Build | Palisade Wall |
| 2:01 | Build | Palisade Wall |
| 2:02 | Create | Villager (Male) |
| 2:03 | Create | Villager (Male) |
| 2:03 | Create | Villager (Male) |
| 2:12 | Create | Villager (Male) |
| 2:37 | Build | Lumber Camp |
| 2:39 | Build | House |
| 2:46 | Create | Villager (Male) |
| 2:46 | Create | Villager (Male) |
| 3:14 | Create | Villager (Male) |
| 3:14 | Create | Villager (Male) |
| 3:32 | Create | Villager (Male) |
| 3:32 | Create | Villager (Male) |
| 3:57 | Create | Villager (Male) |
| 3:57 | Create | Villager (Male) |
| 3:57 | Create | Villager (Male) |
| 3:57 | Create | Villager (Male) |
| 4:10 | Build | House |
| 4:18 | Create | Villager (Male) |
| 4:22 | Create | Villager (Male) |
| 4:22 | Create | Villager (Male) |
| 5:04 | Build | Mill |
| 5:09 | Build | Palisade Wall |
| 5:10 | Build | Palisade Wall |
| 5:13 | Build | Palisade Wall |
| 5:13 | Build | Palisade Wall |
| 5:16 | Create | Villager (Male) |
| 5:16 | Create | Villager (Male) |
| 5:23 | Create | Villager (Male) |
| 5:24 | Create | Villager (Male) |
| 5:25 | Create | Villager (Male) |
| 5:25 | Create | Villager (Male) |
| 5:45 | Create | Villager (Male) |
| 5:55 | Build | House |
| 6:01 | Build | House |
| 6:01 | Research | Loom |
| 6:01 | Research | Loom |
| 6:23 | Build | Palisade Wall |
| 6:47 | Research | Feudal Age |
| 6:47 | Research | Feudal Age |
| 7:50 | Build | Barracks |
| 7:52 | Create | Villager (Male) |
| 7:53 | Create | Villager (Male) |
| 8:51 | Age | Feudal Age |
| 8:57 | Build | Archery Range |
| 9:00 | Build | Archery Range |
| 9:27 | Create | Villager (Male) |
| 9:29 | Build | Mining Camp |
| 9:53 | Create | Archer |
| 9:53 | Create | Archer |
| 9:55 | Create | Villager (Male) |
| 10:16 | Create | Villager (Male) |
| 10:35 | Build | Farm |
| 10:37 | Build | Farm |
| 10:40 | Build | Farm |
| 10:42 | Create | Villager (Male) |
| 10:42 | Create | Archer |
| 10:43 | Create | Archer |
| 10:43 | Create | Archer |
| 10:49 | Build | House |
| 11:03 | Build | House |
| 11:04 | Build | House |
| 11:08 | Build | Palisade Wall |
| 11:10 | Create | Archer |
| 11:10 | Create | Archer |
| 11:22 | Create | Villager (Male) |
| 11:22 | Create | Villager (Male) |
| 11:24 | Create | Archer |
| 11:24 | Create | Archer |
| 11:25 | Create | Archer |
| 11:39 | Build | Farm |
| 11:44 | Build | Farm |
| 11:47 | Create | Villager (Male) |
| 11:47 | Create | Villager (Male) |
| 11:48 | Create | Archer |
| 11:48 | Create | Archer |
| 11:55 | Create | Archer |
| 11:55 | Create | Archer |
| 12:05 | Create | Villager (Male) |
| 12:25 | Create | Villager (Male) |
| 12:25 | Create | Villager (Male) |
| 12:42 | Build | Blacksmith |
| 12:45 | Create | Archer |
| 12:45 | Create | Archer |
| 12:45 | Create | Archer |
| 12:55 | Create | Villager (Male) |
| 12:55 | Create | Villager (Male) |
| 12:55 | Create | Villager (Male) |
| 13:03 | Create | Villager (Male) |
| 13:05 | Build | House |
| 13:09 | Create | Archer |
| 13:10 | Create | Archer |
| 13:20 | Build | Farm |
| 13:27 | Research | Fletching |
| 13:27 | Research | Fletching |
| 13:32 | Create | Archer |
| 13:32 | Create | Archer |
| 13:32 | Create | Archer |
| 13:38 | Build | Palisade Wall |
| 13:38 | Build | Palisade Wall |
| 13:39 | Build | Palisade Wall |
| 13:40 | Build | Palisade Wall |
| 13:41 | Build | Palisade Wall |
| 13:47 | Build | Palisade Wall |
| 13:48 | Build | Palisade Wall |
| 13:54 | Create | Archer |
| 13:54 | Create | Archer |
| 13:54 | Create | Archer |
| 13:55 | Create | Villager (Male) |
| 13:55 | Create | Villager (Male) |
| 14:03 | Build | House |
| 14:05 | Build | Palisade Wall |
| 14:07 | Build | Palisade Wall |
| 14:09 | Build | Palisade Wall |
| 14:10 | Build | Palisade Wall |
| 14:33 | Create | Villager (Male) |
| 14:34 | Create | Archer |
| 14:34 | Create | Archer |
| 14:40 | Create | Villager (Male) |
| 14:45 | Build | Palisade Wall |
| 14:46 | Build | Farm |
| 14:48 | Create | Villager (Male) |
| 14:55 | Create | Archer |
| 14:55 | Create | Archer |
| 15:01 | Create | Villager (Male) |
| 15:01 | Create | Villager (Male) |
| 15:03 | Build | Farm |
| 15:05 | Build | House |
| 15:38 | Create | Archer |
| 15:44 | Create | Archer |
| 16:04 | Research | Double-Bit Axe |
| 16:04 | Research | Double-Bit Axe |
| 16:06 | Build | House |
| 16:07 | Build | Palisade Wall |
| 16:10 | Create | Archer |
| 16:16 | Create | Villager (Male) |
| 16:31 | Build | Farm |
Build order — atom
First 150 of 214 actions detected
| 0:02 | Create | Villager (Male) |
| 0:02 | Create | Villager (Male) |
| 0:02 | Create | Villager (Male) |
| 0:03 | Create | Villager (Male) |
| 0:03 | Create | Villager (Male) |
| 0:05 | Build | House |
| 1:13 | Build | House |
| 1:23 | Create | Villager (Male) |
| 1:59 | Create | Villager (Male) |
| 1:59 | Create | Villager (Male) |
| 2:05 | Create | Villager (Male) |
| 2:05 | Create | Villager (Male) |
| 2:41 | Create | Villager (Male) |
| 2:42 | Create | Villager (Male) |
| 2:50 | Build | Lumber Camp |
| 3:27 | Create | Villager (Male) |
| 3:28 | Create | Villager (Male) |
| 3:39 | Build | House |
| 3:52 | Create | Villager (Male) |
| 3:52 | Create | Villager (Male) |
| 4:10 | Create | Villager (Male) |
| 4:11 | Create | Villager (Male) |
| 4:22 | Create | Villager (Male) |
| 5:17 | Create | Villager (Male) |
| 5:40 | Create | Villager (Male) |
| 5:51 | Create | Villager (Male) |
| 6:02 | Build | Mill |
| 6:29 | Research | Loom |
| 6:29 | Research | Loom |
| 7:26 | Research | Feudal Age |
| 7:26 | Research | Feudal Age |
| 8:19 | Build | Barracks |
| 8:29 | Build | House |
| 8:31 | Build | Palisade Wall |
| 9:36 | Age | Feudal Age |
| 9:37 | Build | Palisade Wall |
| 9:38 | Create | Villager (Male) |
| 9:41 | Build | Stable |
| 9:43 | Research | Double-Bit Axe |
| 9:43 | Research | Double-Bit Axe |
| 9:47 | Build | House |
| 9:57 | Build | Mining Camp |
| 10:05 | Create | Villager (Male) |
| 10:25 | Create | Villager (Male) |
| 10:26 | Create | Scout Cavalry |
| 10:27 | Create | Scout Cavalry |
| 10:44 | Build | Palisade Wall |
| 10:51 | Create | Villager (Male) |
| 11:04 | Create | Villager (Male) |
| 11:22 | Create | Scout Cavalry |
| 11:25 | Build | Farm |
| 11:29 | Build | Farm |
| 11:31 | Build | Farm |
| 11:33 | Build | Farm |
| 11:35 | Build | Farm |
| 11:36 | Build | Farm |
| 11:41 | Create | Villager (Male) |
| 11:46 | Build | House |
| 11:55 | Create | Scout Cavalry |
| 12:03 | Create | Villager (Male) |
| 12:21 | Create | Scout Cavalry |
| 12:27 | Build | Farm |
| 12:28 | Create | Villager (Male) |
| 12:40 | Create | Scout Cavalry |
| 12:54 | Build | Farm |
| 12:55 | Build | Farm |
| 12:58 | Create | Scout Cavalry |
| 13:20 | Create | Villager (Male) |
| 13:23 | Build | Palisade Wall |
| 13:27 | Create | Scout Cavalry |
| 13:27 | Create | Scout Cavalry |
| 13:34 | Create | Villager (Male) |
| 13:36 | Build | Palisade Wall |
| 13:44 | Create | Villager (Male) |
| 13:47 | Build | Farm |
| 13:51 | Build | Farm |
| 13:56 | Build | House |
| 13:58 | Build | House |
| 14:13 | Research | Bloodlines |
| 14:19 | Create | Villager (Male) |
| 14:41 | Create | Villager (Male) |
| 15:02 | Create | Scout Cavalry |
| 15:07 | Build | Farm |
| 15:14 | Create | Villager (Male) |
| 15:17 | Build | Palisade Gate |
| 15:46 | Create | Scout Cavalry |
| 15:48 | Create | Villager (Male) |
| 15:58 | Create | Scout Cavalry |
| 16:02 | Build | Farm |
| 16:02 | Build | Farm |
| 16:02 | Build | Farm |
| 16:02 | Build | Farm |
| 16:03 | Build | Farm |
| 16:03 | Build | Farm |
| 16:03 | Build | Farm |
| 16:19 | Build | Blacksmith |
| 16:41 | Create | Scout Cavalry |
| 16:42 | Create | Villager (Male) |
| 16:44 | Build | House |
| 16:54 | Create | Scout Cavalry |
| 17:22 | Create | Scout Cavalry |
| 17:26 | Build | Palisade Wall |
| 17:28 | Build | House |
| 17:37 | Research | Scale Barding Armor |
| 17:37 | Research | Scale Barding Armor |
| 17:38 | Create | Scout Cavalry |
| 17:48 | Build | House |
| 17:49 | Build | Palisade Wall |
| 17:58 | Create | Scout Cavalry |
| 18:02 | Build | House |
| 18:27 | Create | Scout Cavalry |
| 18:56 | Create | Scout Cavalry |
| 19:25 | Create | Villager (Male) |
| 19:30 | Build | Farm |
| 19:33 | Build | Farm |
| 19:40 | Build | House |
| 19:56 | Create | Villager (Male) |
| 19:57 | Create | Villager (Male) |
| 19:59 | Build | Farm |
| 20:00 | Build | Farm |
| 20:05 | Create | Villager (Male) |
| 20:08 | Build | Farm |
| 20:09 | Build | Farm |
| 20:19 | Build | House |
| 20:21 | Build | House |
| 20:23 | Create | Villager (Male) |
| 20:26 | Build | Farm |
| 20:37 | Build | Market |
| 21:50 | Research | Castle Age |
| 21:50 | Research | Castle Age |
| 22:16 | Build | Stable |
| 22:23 | Create | Scout Cavalry |
| 22:26 | Research | Forging |
| 22:26 | Research | Forging |
| 22:35 | Build | Farm |
| 22:37 | Build | Farm |
| 22:57 | Create | Scout Cavalry |
| 23:27 | Research | Horse Collar |
| 23:27 | Research | Horse Collar |
| 23:30 | Create | Scout Cavalry |
| 23:30 | Create | Scout Cavalry |
| 23:52 | Create | Scout Cavalry |
| 23:53 | Create | Scout Cavalry |
| 24:13 | Create | Villager (Male) |
| 24:30 | Age | Castle Age |
| 24:34 | Research | Light Cavalry (upgrade) |
| 24:34 | Research | Light Cavalry (upgrade) |
| 24:35 | Create | Scout Cavalry |
| 24:35 | Create | Scout Cavalry |
| 24:36 | Create | Scout Cavalry |
Build order — Ux'el noruego
146 actions detected in the replay
| 0:01 | Create | Villager (Male) |
| 0:02 | Build | House |
| 0:03 | Build | House |
| 0:24 | Create | Villager (Male) |
| 0:24 | Create | Villager (Male) |
| 0:29 | Create | Villager (Male) |
| 0:29 | Create | Villager (Male) |
| 0:29 | Create | Villager (Male) |
| 0:46 | Research | Loom |
| 0:59 | Create | Villager (Male) |
| 0:59 | Create | Villager (Male) |
| 0:59 | Create | Villager (Male) |
| 1:00 | Create | Villager (Male) |
| 1:33 | Create | Villager (Male) |
| 1:33 | Create | Villager (Male) |
| 1:33 | Create | Villager (Male) |
| 2:08 | Create | Villager (Male) |
| 2:08 | Create | Villager (Male) |
| 3:00 | Create | Villager (Male) |
| 3:00 | Create | Villager (Male) |
| 3:23 | Create | Villager (Male) |
| 3:23 | Create | Villager (Male) |
| 3:31 | Build | Lumber Camp |
| 3:39 | Create | Villager (Male) |
| 3:39 | Create | Villager (Male) |
| 3:40 | Create | Villager (Male) |
| 4:07 | Build | House |
| 4:27 | Create | Villager (Male) |
| 5:06 | Create | Villager (Male) |
| 5:25 | Create | Villager (Male) |
| 5:42 | Create | Villager (Male) |
| 6:08 | Create | Villager (Male) |
| 6:54 | Create | Villager (Male) |
| 7:45 | Create | Villager (Male) |
| 7:45 | Create | Villager (Male) |
| 7:58 | Create | Villager (Male) |
| 8:51 | Build | Town Center |
| 9:18 | Build | Palisade Wall |
| 9:19 | Build | Palisade Wall |
| 9:20 | Build | Palisade Wall |
| 9:25 | Build | Palisade Wall |
| 10:08 | Build | Palisade Gate |
| 11:22 | Build | Palisade Wall |
| 11:25 | Build | Palisade Wall |
| 11:31 | Build | Palisade Wall |
| 12:37 | Build | Town Center |
| 13:32 | Build | Palisade Wall |
| 13:45 | Create | Villager (Male) |
| 13:46 | Create | Villager (Male) |
| 14:27 | Build | Mill |
| 14:56 | Build | Farm |
| 14:57 | Build | Farm |
| 14:59 | Build | Farm |
| 15:05 | Create | Villager (Male) |
| 15:05 | Create | Villager (Male) |
| 15:30 | Create | Villager (Male) |
| 15:30 | Create | Villager (Male) |
| 15:30 | Create | Villager (Male) |
| 15:32 | Build | Farm |
| 15:37 | Build | Farm |
| 15:53 | Create | Villager (Male) |
| 15:54 | Create | Villager (Male) |
| 16:11 | Build | Farm |
| 16:39 | Build | Farm |
| 16:43 | Create | Villager (Male) |
| 16:43 | Create | Villager (Male) |
| 17:05 | Create | Villager (Male) |
| 17:06 | Create | Villager (Male) |
| 17:17 | Build | Farm |
| 17:32 | Create | Villager (Male) |
| 17:32 | Create | Villager (Male) |
| 17:53 | Create | Villager (Male) |
| 17:54 | Create | Villager (Male) |
| 18:00 | Build | House |
| 18:06 | Build | House |
| 18:08 | Build | House |
| 18:25 | Build | Lumber Camp |
| 18:32 | Create | Villager (Male) |
| 18:44 | Create | Villager (Male) |
| 19:02 | Create | Villager (Male) |
| 19:25 | Create | Villager (Male) |
| 19:48 | Create | Villager (Male) |
| 20:02 | Build | Farm |
| 20:04 | Create | Villager (Male) |
| 20:30 | Create | Villager (Male) |
| 20:56 | Create | Villager (Male) |
| 21:16 | Build | Mill |
| 21:17 | Build | Farm |
| 21:17 | Build | Farm |
| 21:18 | Build | Farm |
| 21:18 | Build | Farm |
| 21:18 | Build | Farm |
| 21:18 | Build | Farm |
| 21:21 | Create | Villager (Male) |
| 21:29 | Build | House |
| 21:30 | Build | House |
| 22:06 | Build | Farm |
| 22:08 | Create | Villager (Male) |
| 22:16 | Build | House |
| 22:18 | Create | Villager (Male) |
| 22:36 | Build | House |
| 22:40 | Build | House |
| 22:49 | Build | House |
| 23:09 | Create | Villager (Male) |
| 23:42 | Build | Farm |
| 23:42 | Build | Farm |
| 23:57 | Build | Farm |
| 24:02 | Research | Feudal Age |
| 24:02 | Research | Feudal Age |
| 25:20 | Create | Villager (Male) |
| 26:05 | Age | Feudal Age |
| 26:21 | Build | Farm |
| 26:22 | Create | Villager (Male) |
| 26:22 | Create | Villager (Male) |
| 26:29 | Build | Farm |
| 26:31 | Create | Villager (Male) |
| 26:39 | Create | Villager (Male) |
| 27:20 | Build | Mining Camp |
| 28:00 | Create | Villager (Male) |
| 28:07 | Build | House |
| 28:08 | Build | House |
| 28:31 | Create | Villager (Male) |
| 28:32 | Create | Villager (Male) |
| 28:36 | Build | House |
| 28:37 | Build | House |
| 28:59 | Create | Villager (Male) |
| 30:09 | Build | Town Center |
| 30:17 | Build | Palisade Wall |
| 31:11 | Build | Stone Wall |
| 31:12 | Build | Stone Wall |
| 31:14 | Build | Stone Wall |
| 31:52 | Build | Outpost |
| 32:26 | Build | Palisade Wall |
| 34:24 | Create | Villager (Male) |
| 34:48 | Create | Villager (Male) |
| 34:48 | Create | Villager (Male) |
| 34:49 | Create | Villager (Male) |
| 35:03 | Build | Watch Tower |
| 35:19 | Create | Villager (Male) |
| 35:42 | Create | Villager (Male) |
| 35:42 | Create | Villager (Male) |
| 36:10 | Create | Villager (Male) |
| 36:22 | Create | Villager (Male) |
| 36:30 | Create | Villager (Male) |
| 36:36 | Create | Villager (Male) |
| 36:43 | Create | Villager (Male) |
Match timeline
| 1:58 | Ux'BlueUltra · wall_segment Palisade Wall x1 |
| 1:59 | Ux'BlueUltra · wall_segment Palisade Wall x1 |
| 2:01 | Ux'BlueUltra · wall_segment Palisade Wall x1 |
| 5:09 | Ux'BlueUltra · wall_segment Palisade Wall x1 |
| 5:10 | Ux'BlueUltra · wall_segment Palisade Wall x1 |
| 5:13 | Ux'BlueUltra · wall_segment Palisade Wall x1 |
| 5:13 | Ux'BlueUltra · wall_segment Palisade Wall x1 |
| 6:11 | MysticCloudZ · wall_segment Palisade Wall x3 |
| 6:13 | MysticCloudZ · wall_segment Palisade Wall x3 |
| 6:23 | Ux'BlueUltra · wall_segment Palisade Wall x1 |
| 7:17 | Vatatzes · first_building Barracks |
| 7:47 | Ux'Misionero Ateo · first_building Barracks |
| 7:50 | Ux'BlueUltra · first_building Barracks |
| 8:09 | Ux'Pocoloco · first_building Barracks |
| 8:19 | atom · first_building Barracks |
| 8:31 | atom · wall_segment Palisade Wall x5 |
| 8:36 | Vatatzes · age_up feudal |
| 8:51 | Ux'BlueUltra · age_up feudal |
| 8:57 | Ux'BlueUltra · first_building Archery Range |
| 9:16 | Ux'Misionero Ateo · age_up feudal |
| 9:18 | Ux'el noruego · wall_segment Palisade Wall x1 |
| 9:19 | Ux'el noruego · wall_segment Palisade Wall x1 |
| 9:20 | Ux'el noruego · wall_segment Palisade Wall x1 |
| 9:21 | Ux'Misionero Ateo · first_building Stable |
| 9:22 | MysticCloudZ · wall_segment Palisade Wall x9 |
| 9:25 | Ux'el noruego · wall_segment Palisade Wall x1 |
| 9:29 | Ux'Pocoloco · age_up feudal |
| 9:31 | MysticCloudZ · wall_segment Palisade Wall x5 |
| 9:32 | Ux'Pocoloco · first_building Stable |
| 9:36 | atom · age_up feudal |
| 9:37 | atom · wall_segment Palisade Wall x7 |
| 9:41 | atom · first_building Stable |
| 9:50 | MysticCloudZ · wall_segment Palisade Wall x5 |
| 9:55 | MysticCloudZ · wall_segment Palisade Wall x9 |
| 10:06 | MysticCloudZ · wall_segment Palisade Wall x1 |
| 10:14 | MysticCloudZ · wall_segment Palisade Wall x6 |
| 10:16 | MysticCloudZ · wall_segment Palisade Wall x6 |
| 10:35 | Vatatzes · wall_segment Palisade Wall x2 |
| 10:38 | Vatatzes · wall_segment Palisade Wall x6 |
| 10:42 | Vatatzes · wall_segment Palisade Wall x18 |
| 10:44 | atom · wall_segment Palisade Wall x1 |
| 11:01 | MysticCloudZ · wall_segment Palisade Wall x6 |
| 11:08 | Ux'BlueUltra · wall_segment Palisade Wall x1 |
| 11:19 | MysticCloudZ · wall_segment Palisade Wall x9 |
| 11:22 | Ux'el noruego · wall_segment Palisade Wall x1 |
| 11:25 | Ux'el noruego · wall_segment Palisade Wall x1 |
| 11:25 | MysticCloudZ · wall_segment Palisade Wall x9 |
| 11:29 | MysticCloudZ · wall_segment Palisade Wall x4 |
| 11:31 | Ux'el noruego · wall_segment Palisade Wall x1 |
| 11:33 | MysticCloudZ · wall_segment Palisade Wall x5 |
| 11:47 | MysticCloudZ · wall_segment Palisade Wall x1 |
| 11:56 | MysticCloudZ · first_building Barracks |
| 12:04 | MysticCloudZ · wall_segment Palisade Wall x1 |
| 12:07 | MysticCloudZ · wall_segment Palisade Wall x4 |
| 12:12 | MysticCloudZ · wall_segment Palisade Wall x2 |
| 12:30 | MysticCloudZ · wall_segment Palisade Wall x5 |
| 12:38 | MysticCloudZ · wall_segment Palisade Wall x5 |
| 12:41 | MysticCloudZ · wall_segment Palisade Wall x6 |
| 12:43 | MysticCloudZ · wall_segment Palisade Wall x1 |
| 12:49 | Ux'Pocoloco · wall_segment Palisade Wall x1 |
| 12:49 | MysticCloudZ · age_up feudal |
| 12:49 | Ux'Pocoloco · wall_segment Palisade Wall x1 |
| 12:51 | MysticCloudZ · wall_segment Palisade Wall x6 |
| 13:05 | WraTH_27 · wall_segment Palisade Wall x10 |
| 13:05 | Ux'Misionero Ateo · wall_segment Palisade Wall x3 |
| 13:08 | WraTH_27 · wall_segment Palisade Wall x4 |
| 13:09 | WraTH_27 · wall_segment Palisade Wall x7 |
| 13:23 | atom · wall_segment Palisade Wall x10 |
| 13:23 | WraTH_27 · wall_segment Palisade Wall x7 |
| 13:32 | Ux'el noruego · wall_segment Palisade Wall x1 |
| 13:36 | atom · wall_segment Palisade Wall x6 |
| 13:38 | Ux'BlueUltra · wall_segment Palisade Wall x1 |
| 13:38 | Ux'BlueUltra · wall_segment Palisade Wall x1 |
| 13:39 | Ux'BlueUltra · wall_segment Palisade Wall x1 |
| 13:40 | Ux'BlueUltra · wall_segment Palisade Wall x1 |
| 13:41 | Ux'BlueUltra · wall_segment Palisade Wall x1 |
| 13:46 | MysticCloudZ · first_building Archery Range |
| 13:47 | Ux'BlueUltra · wall_segment Palisade Wall x1 |
| 13:48 | Ux'BlueUltra · wall_segment Palisade Wall x1 |
| 13:48 | WraTH_27 · wall_segment Palisade Wall x2 |
| 13:49 | WraTH_27 · wall_segment Palisade Wall x1 |
| 14:05 | Ux'BlueUltra · wall_segment Palisade Wall x4 |
| 14:07 | Ux'BlueUltra · wall_segment Palisade Wall x4 |
| 14:09 | Ux'BlueUltra · wall_segment Palisade Wall x6 |
| 14:10 | Ux'BlueUltra · wall_segment Palisade Wall x3 |
| 14:45 | Ux'BlueUltra · wall_segment Palisade Wall x1 |
| 14:47 | Ux'Pocoloco · first_building Archery Range |
| 16:04 | Ux'Pocoloco · wall_segment Stone Wall x10 |
| 16:07 | Ux'BlueUltra · wall_segment Palisade Wall x1 |
| 16:27 | WraTH_27 · wall_segment Palisade Wall x1 |
| 17:10 | Ux'Misionero Ateo · wall_segment Palisade Wall x1 |
| 17:25 | WraTH_27 · first_building Barracks |
| 17:26 | atom · wall_segment Palisade Wall x3 |
| 17:28 | Ux'Misionero Ateo · wall_segment Palisade Wall x1 |
| 17:49 | atom · wall_segment Palisade Wall x1 |
| 18:35 | WraTH_27 · age_up feudal |
| 18:42 | WraTH_27 · first_building Archery Range |
| 19:22 | Ux'BlueUltra · first_market_sell 100 wood |
| 19:23 | Ux'BlueUltra · first_market_buy 100 food |
| 20:16 | Ux'Pocoloco · wall_segment Stone Wall x1 |
| 20:17 | Ux'Pocoloco · wall_segment Stone Wall x1 |
| 20:18 | Ux'Pocoloco · wall_segment Stone Wall x1 |
| 20:30 | Vatatzes · first_market_sell 500 wood |
| 20:31 | Vatatzes · first_market_buy 100 food |
| 21:12 | Ux'BlueUltra · wall_segment Palisade Wall x1 |
| 21:42 | atom · first_market_buy 100 food |
| 21:42 | atom · first_market_sell 500 wood |
| 22:09 | Ux'BlueUltra · age_up castle |
| 22:21 | WraTH_27 · age_up castle |
| 22:23 | Ux'Misionero Ateo · age_up castle |
| 23:43 | MysticCloudZ · first_market_sell 500 wood |
| 23:45 | WraTH_27 · first_market_sell 100 stone |
| 23:46 | MysticCloudZ · first_market_buy 100 food |
| 23:54 | Vatatzes · age_up castle |
| 24:30 | atom · age_up castle |
| 25:20 | Ux'BlueUltra · first_building Siege Workshop |
| 25:44 | atom · wall_segment Stone Wall x3 |
| 25:58 | Ux'Pocoloco · age_up castle |
| 26:05 | Ux'el noruego · age_up feudal |
| 26:07 | MysticCloudZ · first_building Stable |
| 26:09 | Ux'Pocoloco · first_building Castle |
| 26:34 | Ux'Misionero Ateo · first_market_sell 100 wood |
| 26:38 | Ux'Pocoloco · first_market_buy 100 wood |
| 26:42 | MysticCloudZ · age_up castle |
| 26:54 | MysticCloudZ · first_building Siege Workshop |
| 27:19 | Ux'Pocoloco · first_market_sell 100 food |
| 28:03 | atom · first_building Siege Workshop |
| 29:23 | Ux'Pocoloco · first_building Siege Workshop |
| 30:08 | WraTH_27 · first_building Monastery |
| 30:17 | Ux'el noruego · wall_segment Palisade Wall x1 |
| 30:33 | MysticCloudZ · first_building Monastery |
| 31:11 | Ux'el noruego · wall_segment Stone Wall x1 |
| 31:12 | Ux'el noruego · wall_segment Stone Wall x1 |
| 31:14 | Ux'el noruego · wall_segment Stone Wall x1 |
| 31:47 | MysticCloudZ · wall_segment Palisade Wall x1 |
| 31:52 | MysticCloudZ · wall_segment Palisade Wall x1 |
| 31:54 | atom · wall_segment Palisade Wall x1 |
| 31:57 | MysticCloudZ · wall_segment Palisade Wall x1 |
| 32:26 | Ux'el noruego · wall_segment Palisade Wall x1 |
| 34:41 | Ux'Misionero Ateo · first_market_buy 100 food |
| 36:12 | WraTH_27 · age_up imperial |
| 36:52 | MysticCloudZ · first_building Castle |
| 36:53 | WraTH_27 · first_market_buy 100 food |
| 36:56 | Ux'el noruego · resign |
[ AI ANALYSIS · 1 CREDIT ]
What really happened in this match?
Wolo.gg analyzes every decision: build order, eco, micro, common mistakes by bracket. Personalized analysis on WhatsApp or Discord in 30 seconds.
Civ guide
Japanese
Perfil
Vatatzes